 Dungeon Crawl Stone Soup version 0.28-a0-751-gef3a642a4e (webtiles) character file.

Game seed: 15118106801988419930

177176 jasper the Devastator (level 17, -8/140 HPs)
             Began as a Demonspawn Cinder Acolyte on Oct 30, 2021.
             Was the Champion of Cheibriados.
             Shot with a bolt by a naga sharpshooter (13 damage)
             ... on level 4 of the Snake Pit.
             The game lasted 01:17:30 (48024 turns).

jasper the Devastator (Demonspawn Cinder Acolyte)  Turns: 48024, Time: 01:17:32

Health: -8/140     AC: 32    Str: 31    XL:     17   Next: 53%
Magic:  3/35       EV:  8    Int: 49    God:    Cheibriados [******]
Gold:   961        SH:  7    Dex: 23    Spells: 2/44 levels left

rFire   + . .      SeeInvis .   s - +9 demon trident (vorpal)
rCold   + . .      Faith    .   q - +1 buckler
rNeg    . . .      Spirit   .   n - +8 gold dragon scales
rPois   +          Reflect  .   b - +1 helmet
rElec   .          Harm     .   (cloak unavailable)
rCorr   .          Rampage  .   (no gloves)
Will    +....                   W - +0 pair of boots {Stlth+}
Stlth   ..........              U - amulet of magic regeneration
HPRegen 0.33/turn               j - +6 ring of intelligence
MPRegen 0.49/turn               L - +6 ring of intelligence

@: very slow
A: rugged brown scales 3, ignite blood 2, spiny 2, weakness stinger 3,
deterioration 1
a: Renounce Religion, Bend Time, Temporal Distortion, Slouch, Step From Time


You were on level 4 of the Snake Pit.
You worshipped Cheibriados.
Cheibriados was exalted by your worship.
You visited 5 branches of the dungeon, and saw 28 of its levels.
You visited the Abyss 1 time.
You also visited: Gauntlet and Volcano.

You collected 5227 gold pieces.
You spent 4266 gold pieces at shops.

Inventory:

Hand Weapons
 s - a +9 vorpal demon trident (weapon)
 F - the +3 sling "Punk" {acid, rCorr}
   (You found it in a Gauntlet)

   Any ammunition fired from it is coated in acid, damaging and corroding those
   it strikes.
   rCorr:     It protects you from acid and corrosion.
 K - the +6 dagger of Mourning {protect, rElec rCorr Stlth+}
   (You found it on level 8 of the Dungeon)

   It grants its wielder temporary protection when it strikes (+7 to AC).
   rElec:     It insulates you from electricity.
   rCorr:     It protects you from acid and corrosion.
   Stlth:     It makes you more stealthy.
Missiles
 i - 8 boomerangs
 m - 756 stones
 Q - 14 curare-tipped darts
 T - 5 throwing nets
Armour
 b - a +1 helmet (worn)
 e - a +2 scale mail of fire resistance
 n - +8 gold dragon scales (worn)
 q - a +1 buckler (worn)
 u - a scarf of shadows
 z - a +2 ring mail of fire resistance
 W - a +0 pair of boots of stealth (worn)
Magical Staves
 R - a staff of earth
Jewellery
 a - an amulet of regeneration
 j - a +6 ring of intelligence (left hand)
 o - a ring of protection from fire
 y - a ring of positive energy
 G - a ring of protection from cold
 L - a +6 ring of intelligence (right hand)
 S - a ring of see invisible
 U - an amulet of magic regeneration (around neck)
Wands
 g - a wand of acid (10)
 p - a wand of paralysis (5)
 r - a wand of iceblast (30)
 B - a wand of flame (94)
 D - a wand of polymorph (11)
 I - a wand of mindburst (22)
Scrolls
 c - 13 scrolls of teleportation
 k - a scroll of enchant weapon
 t - a scroll of summoning
 w - 4 scrolls of blinking
 x - 5 scrolls of fog
 H - 4 scrolls of amnesia
 J - 7 scrolls of identify
 M - 3 scrolls of immolation
 O - 4 scrolls of magic mapping
 X - 2 scrolls of holy word
 Y - a scroll of silence
 Z - 2 scrolls of vulnerability
Potions
 d - 2 potions of mutation
 f - 2 potions of invisibility
 h - 9 potions of curing
 l - 6 potions of brilliance
 v - 3 potions of resistance
 A - 4 potions of cancellation
 C - 4 potions of flight
 E - 5 potions of might
 P - 2 potions of lignification
 V - 2 potions of magic


   Skills:
 - Level 11.1 Fighting
 - Level 2.6 Short Blades
 - Level 10.9 Armour
 - Level 2.4 Dodging
 - Level 4.0 Shields
 + Level 14.4 Spellcasting
 * Level 19.3 Conjurations
 - Level 5.0 Hexes
 + Level 5.8 Necromancy
 - Level 3.0 Translocations
 + Level 2.9 Fire Magic
 - Level 2.0 Earth Magic
 - Level 13.0 Invocations


You had 2 spell levels left.
You knew the following spells:

 Your Spells              Type           Power      Damage    Failure   Level
a - Scorch                Fire           100%       2d10      6%          2
b - Passwall              Tmut/Erth      37%        N/A       13%         2
c - Searing Ray           Conj           100%       2d8       0%          2
d - Vampiric Draining     Necr           37%        2d11      3%          3
e - Fulminant Prism       Conj/Hex       50%        3d23      1%          4
f - Confusing Touch       Hex            71%        N/A       4%          3
g - Mephitic Cloud        Conj/Pois/Air  78%        N/A       2%          3
h - Stone Arrow           Conj/Erth      100%       3d13      1%          3
i - Orb of Destruction    Conj           61%        9d17      3%          7
j - Apportation           Tloc           100%       N/A       3%          1
k - Sublimation of Blood  Necr           37%        N/A       1%          2
l - Blink                 Tloc           100%       N/A       5%          2
m - Ignition              Fire           29%        3d9       100%        8

Your spell library contained the following spells:

 Spells                   Type           Power      Damage    Failure   Level
 Magic Dart               Conj           100%       1d8       0%          1
 Slow                     Hex            100%       N/A       1%          1
 Sandblast                Erth           100%       2d20      5%          1
 Ensorcelled Hibernation  Hex/Ice        100%       N/A       7%          2
 Wereblood                Tmut           35%        N/A       19%         2
 Irradiate                Conj/Tmut      46%        3d28      7%          5
 Inner Flame              Hex/Fire       65%        N/A       8%          3
 Portal Projectile        Hex/Tloc       100%       N/A       8%          3
 Summon Guardian Golem    Hex/Summ       56%        N/A       14%         3
 Cause Fear               Hex            35%        N/A       16%         4
 Excruciating Wounds      Necr           37%        N/A       30%         5
 Ozocubu's Armour         Ice            35%        N/A       36%         3
 Spider Form              Tmut/Pois      17%        N/A       36%         3
 Swiftness                Air            35%        N/A       36%         3
 Passage of Golubria      Tloc           60%        N/A       36%         4
 Animate Armour           Summ/Erth      90%        N/A       63%         4
 Manifold Assault         Tloc           60%        N/A       71%         5
 Olgreb's Toxic Radiance  Pois           35%        N/A       77%         4
 Silence                  Hex/Air        28%        N/A       77%         5
 Spellforged Servitor     Conj/Summ      46%        N/A       90%         7
 Invisibility             Hex            35%        N/A       94%         6
 Alistair's Intoxication  Tmut/Pois      23%        N/A       98%         5
 Blade Hands              Tmut           17%        N/A       98%         5
 Dragon Form              Tmut           17%        N/A       100%        7
 Ozocubu's Refrigeration  Ice            17%        4d8       100%        7
 Storm Form               Tmut/Air       17%        N/A       100%        7
 Summon Hydra             Summ           17%        N/A       100%        7
 Discord                  Hex            35%        N/A       100%        8
 Lehudib's Crystal Spear  Conj/Erth      48%        10d11     100%        8
 Chain Lightning          Conj/Air       46%        3d61      100%        9
 Fire Storm               Conj/Fire      49%        8d12      100%        9
 Shatter                  Erth           26%        3d22*     100%        9


Dungeon Overview and Level Annotations

Branches:
Dungeon (15/15)            Temple (1/1) D:7            Lair (6/6) D:8
 Shoals (0/4) Lair:3        Snake (4/4) Lair:4        Slime (0/5) Lair:5
    Orc (2/2) D:12            Elf (0/3) Orc:2        Vaults (0/5) D:14
 Depths (0/4) D:15        Volcano (visited)         Gauntlet (visited)

Altars:
Ashenzari
Cheibriados
Dithmenos
Elyvilon
Gozag
Kikubaaqudgha
Makhleb
Nemelex Xobeh
Okawaru
Qazlal
Ru
Sif Muna
Trog
Uskayaw
Vehumet
Wu Jian
Xom
Zin
Beogh

Shops:
D:1 :   D:11 (   Orc:2 [*([[=   Snake:2 *   Snake:4 :=:

Annotations:
D:7 2 transporters, Pooter's ghost, novice MiBe
D:15 exclusion: statue
Orc:2 3 runed translucent doors, cheechan's ghost, journeyman NaCK; karkarkar's ghost, journeyman MiFi


Innate Abilities, Weirdness & Mutations

You are completely covered in rugged brown scales. (AC +3, +7% HP)
Your demonic aura often causes spilled blood to erupt in flames.
You are mostly covered in sharp spines.
You have a sharp stinger which inflicts weakening toxins.
Your body sometimes deteriorates upon taking damage.


Message History

Aim: a salamander, wielding a +0 shortbow of flaming and quivering arrows (flame, heavily wounded, strong)
The mass of ice explodes!
The iceblast engulfs the salamander!
The salamander is frozen!
The salamander is severely wounded.
The iceblast engulfs the naga sharpshooter.
The naga sharpshooter is lightly wounded.
The iceblast engulfs the naga sharpshooter!
The naga sharpshooter is lightly wounded.
The salamander no longer looks unusually strong.
Okay, then.
Aiming: Stone Arrow (safe; 1% risk of failure)
Press: ? - help, Q - select action, (/) - cycle Shift-Dir - straight line, f/p - salamander
Aim: a salamander, wielding a +0 shortbow of flaming and quivering arrows (severely wounded, 87% to hit)
The stone arrow hits the salamander!
The salamander is almost dead.
The naga no longer looks unusually strong.
The salamander unwields a +0 shortbow of flaming.
It stops flaming.
You block the salamander's attack.
The naga sharpshooter gestures wildly while chanting.
The naga sharpshooter magically shoots a bolt.
The bolt hits you but does no damage.
You now have 5/35 mp.
Aiming: Stone Arrow (safe; 1% risk of failure)
Press: ? - help, Q - select action, (/) - cycle Shift-Dir - straight line, f/p - salamander
Aim: a salamander, quivering arrows (flame, almost dead, 87% to hit)
The stone arrow hits the salamander!
You kill the salamander!
Cheibriados thoroughly appreciates the change of pace.
The naga sharpshooter spits poison at you.
The splash of poison hits you but does no damage.
You resist.
The naga sharpshooter spits poison at you.
You block the splash of poison.
You now have 2/35 mp.
The naga sharpshooter shoots a bolt.
The bolt hits you!
* * * LOW HITPOINT WARNING * * *
The naga sharpshooter spits poison at you.
The splash of poison hits you but does no damage.
You resist.
The naga sharpshooter shoots a bolt.
The bolt hits you!
You die...

......!.................#..
...................###..##)
########..........##.##.#))
##.N.......#...#.#'#
#NNN###...#'..#.†.. ##)##
##...#.##.... #☼+
+#.)#.'..... #.#
#..#.#..... #@# #..#+#.....
#..# #.......... .....
...........
#..................
...................
.......##...#####...
...##### . #.... #### #####


You could see 3 naga sharpshooters and a naga.

Vanquished Creatures
  Rupert (Lair:4)
  Kirke (Lair:4)
  2 tentacled starspawn (Abyss:1)
  A nagaraja (Snake:3)
  2 orc warlords (Orc:2)
  Aizul (Lair:4)
  A red draconian (Volcano)
  A minotaur (Gauntlet)
  2 fire dragons (D:15)
  2 salamander tyrants
  Harold (D:11)
  12 naga warriors
  5 vault guards (D:14)
  2 ogre magi (D:14)
  5 catoblepae
  3 boulder beetles
  11 hydras
  8 two-headed ogres
  Erica (Lair:2)
  6 centaur warriors
  16 anacondas
  6 death yaks (Lair:6)
  4 orc high priests (Orc:2)
  Urug (Lair:6)
  A thrashing horror (Abyss:1)
  7 naga sharpshooters
  6 shock serpents
  A deep elf knight (D:14)
  Sonja (D:10)
  2 sixfirhies
  A wretched star (Abyss:1)
  2 shadow wraiths (Abyss:1)
  4 salamander mystics
  A large abomination (Abyss:1)
  3 wizards
  6 naga ritualists
  2 orc knights (Orc:2)
  5 orc sorcerers
  A deep elf pyromancer (D:14)
  12 ugly things
  A deep elf zephyrmancer (D:13)
  6 oklob plants (Lair:5)
  12 mana vipers
  A worldbinder (Gauntlet)
  6 cyclopes
  6 elephants (Lair:3)
  21 salamanders
  7 manticores
  10 naga magi
  36 black mambas
  2 gargoyles
  A torpor snail (Lair:6)
  11 cane toads
  An unseen horror (D:12)
  9 rime drakes
  5 yaktaurs (D:15)
  2 efreet
  A freezing wraith (D:14)
  11 komodo dragons
  3 meliai (Gauntlet)
  7 trolls
  3 polar bears
  5 blink frogs
  A blink frog (shapeshifter) (D:15)
  19 slime creatures
  A snapping turtle (Lair:3)
  2 dream sheep (Lair:6)
  A raiju (Abyss:1)
  A vampire (D:12)
  3 shadows
  3 ynoxinuls (Abyss:1)
  63 yaks
  A hog (Lair:4)
  4 wyverns
  12 basilisks
  22 fire elementals
  3 wraiths
  4 humans (D:7)
  A hog (shapeshifter) (D:15)
  13 vampire mosquitoes
  Grum (D:11)
  2 steam dragons
  32 nagas
  5 wargs (Orc:2)
  2 acid dragons
  12 water moccasins
  25 orc warriors
  A sky beast (D:7)
  3 ice beasts
  2 black bears
  A necrophage (D:4)
  8 ogres
  8 boggarts
  47 wolves
  26 centaurs
  3 small abominations
  A kobold brigand (D:9)
  16 bullfrogs
  3 scorpions
  A gnoll sergeant (D:9)
  2 water moccasin zombies
  A water moccasin skeleton (D:4)
  A wight (D:5)
  9 killer bees
  4 howler monkeys
  A bullfrog zombie (D:7)
  5 centaur zombies
  3 hounds
  2 quasits
  A jelly (D:6)
  2 bullfrog skeletons (D:5)
  12 orc priests
  An iron imp (Abyss:1)
  A centaur skeleton (D:4)
  2 gnoll shamans
  Ijyb (D:3)
  6 iguanas
  13 orc wizards
  7 hell rats (Lair:6)
  3 killer bee zombies
  3 howler monkey zombies
  20 gnolls
  8 adders
  A river rat (D:3)
  A shadow imp (D:5)
  5 white imps
  A howler monkey simulacrum (D:8)
  4 ufetubi (Gauntlet)
  An adder skeleton (D:4)
  3 worms
  3 dart slugs
  53 orcs
  7 ball pythons
  5 endoplasms
  8 goblins
  11 hobgoblins
  6 jackals
  2 quokkas
  6 bats (D:1)
  3 frilled lizards
  3 kobolds
  6 rats
  2 fulminant prisms
  6 starspawn tentacles (Abyss:1)
915 creatures vanquished.

Vanquished Creatures (others)
  An adder (D:5)
  94 foxfires
  6 fulminant prisms
  67 fungi
  73 plants
  9 starspawn tentacles (Abyss:1)
  4 toadstools (D:1)
254 creatures vanquished.

Grand Total: 1169 creatures vanquished

Notes
Turn   | Place    | Note
-------+----------+-------------------------------------------
     0 | D:1      | jasper the Demonspawn Cinder Acolyte began the quest for
                  | the Orb.
     0 | D:1      | Reached XP level 1. HP: 18/18 MP: 2/2
   445 | D:1      | Reached skill level 1 in Dodging
   445 | D:1      | Gained mutation: You have a small tail. [demonic ancestry]
   445 | D:1      | Reached XP level 2. HP: 23/24 MP: 3/3
   655 | D:1      | Found Totugut's Book Shoppe.
   842 | D:1      | Gained mutation: You are partially covered in rugged brown
                  | scales. (AC +1, +3% HP) [demonic ancestry]
   842 | D:1      | Reached XP level 3. HP: 24/29 MP: 4/4
  1565 | D:2      | Learned a level 2 spell: Scorch
  1710 | D:2      | Found a faded altar of an unknown god.
  2095 | D:2      | Learned a level 2 spell: Passwall
  2112 | D:2      | Gained mutation: You are partially covered in sharp spines.
                  | [demonic ancestry]
  2112 | D:2      | Reached XP level 4. HP: 29/38 MP: 5/5
  3123 | D:3      | Reached skill level 1 in Shields
  3123 | D:3      | Gained mutation: You are mostly covered in rugged brown
                  | scales. (AC +2, +5% HP) [demonic ancestry]
  3123 | D:3      | Reached XP level 5. HP: 38/45 MP: 6/6
  3609 | D:3      | Learned a level 2 spell: Searing Ray
  3913 | D:3      | Noticed Ijyb
  3929 | D:3      | Killed Ijyb
  3930 | D:3      | Reached skill level 5 in Fighting
  4148 | D:4      | Noticed a necrophage
  4413 | D:4      | Noticed an ogre
  4421 | D:3      | Killed an ogre
  4422 | D:3      | Reached XP level 6. HP: 4/53 MP: 7/7
  4773 | D:5      | Entered Level 5 of the Dungeon
  4797 | D:5      | Noticed a water moccasin
  4800 | D:5      | Killed a water moccasin
  4801 | D:5      | Reached skill level 1 in Conjurations
  4801 | D:5      | Reached XP level 7. HP: 58/58 MP: 8/10
  4854 | D:5      | Reached skill level 2 in Conjurations
  4996 | D:5      | Reached skill level 3 in Conjurations
  5005 | D:5      | Learned a level 3 spell: Vampiric Draining
  5906 | D:5      | Reached skill level 4 in Conjurations
  5906 | D:5      | Gained mutation: You have a tail ending in a sharp stinger.
                  | [demonic ancestry]
  5906 | D:5      | Reached XP level 8. HP: 61/65 MP: 3/14
  7329 | D:6      | Reached skill level 5 in Conjurations
  7517 | D:6      | Reached skill level 5 in Spellcasting
  7574 | D:6      | Learned a level 4 spell: Fulminant Prism
  7578 | D:6      | Learned a level 3 spell: Confusing Touch
  8211 | D:7      | Found a transporter.
  8218 | D:7      | Noticed Pooter's ghost (novice MiBe)
  8226 | D:7      | Found a transporter.
  8227 | D:7      | Noticed a two-headed ogre
  8231 | D:7      | Found a bloodstained altar of Trog.
  8258 | D:7      | Noticed a moth of wrath
  8458 | D:7      | Reached skill level 6 in Conjurations
  8689 | D:7      | Reached XP level 9. HP: 52/71 MP: 10/18
  8879 | D:7      | Got the Papyrus of Shifting Confrontation
  8903 | D:7      | Found an ornate altar of the Wu Jian Council.
  8944 | D:7      | Reached skill level 7 in Conjurations
  9323 | D:7      | Learned a level 3 spell: Mephitic Cloud
  9548 | D:7      | Reached skill level 8 in Conjurations
  9602 | D:7      | Found a staircase to the Ecumenical Temple.
  9924 | D:8      | Noticed a polar bear
  9944 | D:8      | Killed a polar bear
  9945 | D:8      | Reached skill level 1 in Armour
 10386 | D:8      | Identified the +6 dagger of Mourning {protect, rElec rCorr
                  | Stlth+}
 10547 | D:8      | Reached XP level 10. HP: 29/77 MP: 18/22
 10548 | D:8      | Reached skill level 9 in Conjurations
 11142 | D:8      | Found a staircase to the Lair.
 11876 | D:9      | Noticed a two-headed ogre
 11888 | D:9      | Noticed a two-headed ogre
 11895 | D:9      | Killed a two-headed ogre
 11896 | D:9      | Reached skill level 10 in Conjurations
 11897 | D:9      | Killed a two-headed ogre
 12073 | D:9      | Identified the +4 war axe of Saifash {antimagic, rCorr
                  | Str+2 Int-3}
 12442 | D:9      | Found a shimmering altar of Xom.
 12559 | D:10     | Entered Level 10 of the Dungeon
 12762 | D:10     | Noticed a two-headed ogre
 12773 | D:10     | Killed a two-headed ogre
 12774 | D:10     | Reached skill level 11 in Conjurations
 12774 | D:10     | Gained mutation: Your demonic aura sometimes causes spilled
                  | blood to erupt in flames. [demonic ancestry]
 12774 | D:10     | Reached XP level 11. HP: 82/82 MP: 10/24
 13006 | D:10     | Reached skill level 1 in Hexes
 13006 | D:10     | Reached skill level 1 in Necromancy
 13323 | D:10     | Noticed Sonja
 13333 | D:10     | Killed Sonja
 13763 | D:10     | Found an opulent altar of Gozag.
 13763 | D:10     | Found a broken altar of Ashenzari.
 14024 | D:1      | Bought a book of Armaments for 468 gold pieces
 14028 | D:1      | Learned a level 3 spell: Stone Arrow
 14178 | D:4      | Found an ancient bone altar of Kikubaaqudgha.
 14543 | D:4      | Found a stormy altar of Qazlal.
 14855 | D:11     | Reached skill level 5 in Armour
 14869 | D:11     | Noticed Harold
 14886 | D:11     | Killed Harold
 15573 | D:11     | Found Cutaucim's Antique Weapon Shop.
 15606 | D:11     | Noticed Grum
 15681 | D:11     | Killed Grum
 15947 | D:11     | Noticed a two-headed ogre
 15992 | D:11     | Killed a two-headed ogre
 15993 | D:11     | Reached skill level 5 in Hexes
 15993 | D:11     | Reached skill level 5 in Necromancy
 16173 | D:11     | Learned a level 7 spell: Orb of Destruction
 16328 | D:12     | Noticed a boulder beetle
 16340 | D:12     | Killed a boulder beetle
 16341 | D:12     | Reached skill level 1 in Earth Magic
 16558 | D:12     | Noticed a boulder beetle
 16727 | D:12     | Killed a boulder beetle
 16919 | D:12     | Gained mutation: Your demonic aura often causes spilled
                  | blood to erupt in flames. [demonic ancestry]
 16919 | D:12     | Reached XP level 12. HP: 86/90 MP: 19/25
 17203 | D:12     | Reached skill level 10 in Spellcasting
 17785 | D:12     | Found a staircase to the Orcish Mines.
 17958 | D:12     | Reached skill level 12 in Conjurations
 18443 | D:13     | Noticed a two-headed ogre
 18450 | D:13     | Killed a two-headed ogre
 18590 | D:13     | Noticed a centaur warrior
 18822 | D:13     | Identified the +8 whip "Poilueq" {freeze, rElec Dex+4 SInv}
 18846 | D:13     | HP: 1/93 [centaur warrior (5)]
 18847 | D:13     | Killed a centaur warrior
 19177 | D:13     | Reached skill level 13 in Conjurations
 19812 | D:14     | Noticed a boulder beetle
 20057 | D:14     | Noticed a vault guard
 20065 | D:14     | Noticed a four-headed hydra
 20068 | D:14     | Killed a four-headed hydra
 20069 | D:14     | Gained mutation: You are completely covered in rugged brown
                  | scales. (AC +3, +7% HP) [demonic ancestry]
 20069 | D:14     | Reached XP level 13. HP: 95/102 MP: 21/27
 20461 | D:14     | Cast into level 2 of the Abyss (a wizard)
 20497 | Abyss:2  | Found a corrupted altar of Lugonu.
 20642 | Abyss:1  | Found a shadowy altar of Dithmenos.
 20830 | Abyss:1  | Found a shadowy altar of Dithmenos.
 20831 | Abyss:1  | Noticed a tentacled starspawn
 20836 | Abyss:1  | Killed a tentacled starspawn
 20888 | Abyss:1  | Noticed a tentacled starspawn
 20889 | Abyss:1  | Noticed a lich
 20890 | Abyss:1  | Noticed a tentacled starspawn
 20899 | Abyss:1  | Noticed a daeva
 20943 | Abyss:1  | Noticed a tentacled starspawn
 20954 | Abyss:1  | Killed a tentacled starspawn
 20981 | Abyss:1  | Reached skill level 14 in Conjurations
 21004 | Abyss:1  | Noticed a starcursed mass
 21038 | Abyss:1  | Noticed a starcursed mass
 21162 | Abyss:2  | Gained mutation: Your body sometimes deteriorates upon
                  | taking damage. [a neqoxec]
 21170 | D:14     | Escaped the Abyss
 21175 | D:14     | Paralysed by something for 4 turns
 21367 | Temple   | Entered the Ecumenical Temple
 21383 | Temple   | Fell from the grace of Ignis
 21383 | Temple   | Became a worshipper of Cheibriados the Contemplative
 21484 | Lair:1   | Entered Level 1 of the Lair of Beasts
 21705 | Lair:1   | Reached * piety under Cheibriados
 21873 | Lair:1   | Reached ** piety under Cheibriados
 23445 | Lair:2   | Reached *** piety under Cheibriados
 23511 | Lair:2   | Reached XP level 14. HP: 106/113 MP: 20/29
 23946 | Lair:2   | Noticed Erica
 23950 | Lair:2   | Killed Erica
 24301 | Lair:3   | Found a gate leading to a gauntlet.
 24310 | Gauntlet | Entered a Gauntlet
 24310 | Gauntlet | Found a transporter.
 24310 | Gauntlet | Found a transporter.
 24315 | Gauntlet | Found a transporter.
 24330 | Gauntlet | Found a transporter.
 24344 | Gauntlet | Found a transporter.
 24357 | Gauntlet | Found a transporter.
 24438 | Gauntlet | Found a transporter.
 24452 | Gauntlet | Found a transporter.
 24473 | Gauntlet | Found a transporter.
 24482 | Gauntlet | Found a transporter.
 24484 | Gauntlet | Found a large runed translucent door.
 24484 | Gauntlet | Found a large runed translucent door.
 24485 | Gauntlet | Found a large runed translucent door.
 24485 | Gauntlet | Found a large runed translucent door.
 24486 | Gauntlet | Found a large runed translucent door.
 24486 | Gauntlet | Found a large runed translucent door.
 24486 | Gauntlet | Found a runed translucent door.
 24486 | Gauntlet | Found a runed translucent door.
 24486 | Gauntlet | Found a large runed translucent door.
 24487 | Gauntlet | Found a large runed translucent door.
 24494 | Gauntlet | Found a large runed translucent door.
 24494 | Gauntlet | Found a large runed translucent door.
 24495 | Gauntlet | Found a large runed translucent door.
 24495 | Gauntlet | Found a large runed translucent door.
 24496 | Gauntlet | Found a large runed translucent door.
 24496 | Gauntlet | Found a large runed translucent door.
 24560 | Gauntlet | Found a transporter.
 24570 | Gauntlet | Found a transporter.
 24576 | Gauntlet | Found a large runed translucent door.
 24577 | Gauntlet | Found a large runed translucent door.
 24579 | Gauntlet | Found a runed translucent gate.
 24580 | Gauntlet | Found a transporter.
 24580 | Gauntlet | Found a runed translucent gate.
 24580 | Gauntlet | Found a transporter.
 24581 | Gauntlet | Found a runed translucent gate.
 24583 | Gauntlet | Found a transporter.
 24622 | Gauntlet | Found a transporter.
 24641 | Gauntlet | Reached skill level 15 in Conjurations
 24934 | Gauntlet | Reached **** piety under Cheibriados
 25438 | Gauntlet | Found the +3 sling "Punk" {acid, rCorr}
 25438 | Gauntlet | Identified the +5 quarterstaff "Ufuamuoly" {vorpal, rPois
                  | rC- Str+6 SInv}
 25920 | Lair:3   | Was forgiven by Ignis
 26502 | Lair:3   | Found a staircase to the Shoals.
 26663 | Lair:3   | Identified a scroll of acquirement
 26699 | Lair:3   | Acquired a +0 pair of boots of stealth
 26951 | Lair:4   | Reached skill level 10 in Fighting
 26955 | Lair:4   | Reached ***** piety under Cheibriados
 27121 | Lair:4   | Noticed Rupert
 27247 | Lair:5   | Reached skill level 10 in Armour
 27255 | Lair:5   | Reached skill level 1 in Invocations
 27662 | Lair:5   | Found a staircase to the Slime Pits.
 27670 | Lair:5   | Reached skill level 5 in Invocations
 28389 | Lair:6   | Entered Level 6 of the Lair of Beasts
 28557 | Lair:5   | Learned a level 1 spell: Apportation
 28613 | Lair:6   | Noticed Urug
 28616 | Lair:6   | Killed Urug
 28978 | Lair:6   | Reached skill level 10 in Invocations
 28993 | Lair:6   | Gained mutation: You have a sharp stinger which inflicts
                  | weakening toxins. [demonic ancestry]
 28993 | Lair:6   | Reached XP level 15. HP: 79/123 MP: 12/31
 29452 | Lair:6   | Reached ****** piety under Cheibriados
 30936 | Orc:1    | Entered Level 1 of the Orcish Mines
 30980 | Orc:1    | Found a dark tunnel.
 30989 | Volcano  | Entered a volcano
 31159 | Volcano  | Found a burning altar of Makhleb.
 31997 | Orc:2    | Entered Level 2 of the Orcish Mines
 32106 | Orc:2    | Found Iptasch's Antique Armour Shop.
 32165 | Orc:2    | Noticed an orc warlord
 32183 | Orc:2    | Killed an orc warlord
 32469 | Orc:2    | Found Alumomam's General Store.
 32834 | Orc:2    | Found Uniekhon's Antique Weapon Boutique.
 32853 | Orc:2    | Found a staircase to the Elven Halls.
 33175 | Orc:2    | Found Boapi's Armour Shoppe.
 33562 | Orc:2    | Noticed an orc warlord
 33566 | Orc:2    | Killed an orc warlord
 33865 | Orc:2    | Found a runed translucent gate.
 33866 | Orc:2    | Found a runed translucent gate.
 33869 | Orc:2    | Found a runed translucent gate.
 33870 | Orc:2    | Noticed karkarkar's ghost (journeyman MiFi)
 33871 | Orc:2    | Noticed cheechan's ghost (journeyman NaCK)
 33910 | Orc:2    | Found Ceytiull's Antique Armour Boutique.
 33927 | Orc:2    | Found Cuegib's Jewellery Boutique.
 34080 | Orc:2    | Bought shiny gold dragon scales for 1992 gold pieces
 34590 | D:14     | Found a shimmering blue altar of Sif Muna.
 34685 | D:14     | Paralysed by an ogre mage for 3 turns
 34690 | D:14     | Paralysed by an ogre mage for 2 turns
 34947 | D:14     | Found a gate to the Vaults.
 35327 | D:15     | Entered Level 15 of the Dungeon
 35510 | D:15     | Reached skill level 16 in Conjurations
 36106 | D:15     | Acquired 903 gold pieces
 36107 | D:15     | Acquired a book of Blood
 36108 | D:15     | Acquired 937 gold pieces
 36113 | D:15     | Learned a level 2 spell: Sublimation of Blood
 36322 | D:15     | Gained mutation: You are mostly covered in sharp spines.
                  | [demonic ancestry]
 36322 | D:15     | Reached XP level 16. HP: 97/132 MP: 32/32
 36591 | D:15     | Found a radiant altar of Vehumet.
 37091 | D:15     | Found a staircase to the Depths.
 38159 | Lair:4   | Found a staircase to the Snake Pit.
 38240 | Lair:4   | Noticed Kirke
 38241 | Lair:4   | Noticed a sphinx
 38250 | Lair:4   | Killed Kirke
 38818 | Lair:4   | Paralysed by Rupert for 7 turns
 38823 | Lair:4   | Killed Rupert
 39293 | Snake:1  | Entered Level 1 of the Snake Pit
 39293 | Snake:1  | Noticed Aizul
 39306 | Lair:4   | Killed Aizul
 39740 | Snake:1  | Reached skill level 1 in Translocations
 39905 | Snake:1  | Reached skill level 17 in Conjurations
 40318 | Snake:1  | HP: 2/133 [naga sharpshooter/bolt (13)]
 40323 | Snake:1  | HP: 6/133 [naga sharpshooter/bolt (15)]
 42401 | Snake:2  | Found Itruxat's General Store.
 42593 | Snake:2  | Reached skill level 18 in Conjurations
 43036 | Snake:2  | Reached XP level 17. HP: 129/140 MP: 7/34
 44698 | D:1      | Bought an Inescapable Atlas for 442 gold pieces
 44701 | D:1      | Learned a level 2 spell: Blink
 46232 | Snake:3  | Reached skill level 19 in Conjurations
 46522 | Snake:4  | Entered Level 4 of the Snake Pit
 47277 | Snake:4  | Found Ivudacro's Book Shoppe.
 47279 | Snake:4  | Found Sier's Jewellery Shop.
 47280 | Snake:4  | Found Izorof's Book Shoppe.
 47288 | Snake:4  | Bought a book of Annihilations for 660 gold pieces
 47294 | Snake:4  | Bought the Unrestrained Analects for 704 gold pieces
 47910 | Snake:4  | Learned a level 8 spell: Ignition
 48024 | Snake:4  | HP: 5/140 [naga sharpshooter/bolt (12)]
 48024 | Snake:4  | Shot with a bolt by a naga sharpshooter

Illustrated notes

Levels and vault maps discovered:
D:1:      ldierk_water_garden, layout_basic, serial_shops, nicolae_shop_trees
D:2:      layout_basic, hellmonk_ecumenical_altar_inner_sanctum,
          hangedman_glass_teeth, corexii_corridor_pit
D:3:      layout_basic, cheibrodos_sewer_entry_sluice,
          kennysheep_generic_room_15, uniq_ijyb
D:4:      layout_gridville, mainiacjoe_overflow_paths, grunt_qazlal_clouds,
          kennysheep_nondescript
D:5:      layout_layer_cave, minmay_chambers_of_fives
D:6:      cheibrodos_helix_gallery, layout_loops_ring, lemuel_tele_altar
D:7:      layout_rooms, nzn_wu_jian_council_hall, minmay_temple_entry_glass,
          gammafunk_ghost_wrathful_warriors, grunt_decor_cap,
          grunt_ministairs_11, minmay_ruffians
D:8:      layout_loops_ring, david_lair_shrubbed, serial_ice, serial_ice_h,
          serial_ice_o, serial_ice_b, serial_ice_e
D:9:      layout_cave_pools, mainiacjoe_overflow_six_doors_small,
          minmay_starry_boxes
D:10:     layout_long_grid, gammafunk_temple_overflow_elements, uniq_sonja
D:11:     layout_basic, serial_shops, nicolae_lakefront_shop, zin_statuary,
          uniq_harold, uniq_grum
D:12:     layout_rooms, orc_0_dummy, roderic_serpentine_path
D:13:     layout_cave_pools, serial_column_ruins, column_ruins_hut_ruined,
          column_ruins_open_medium, column_ruins_grid_1, column_ruins_open_tiny,
          column_ruins_grid_1, column_ruins_corridor_straight,
          serial_bayou_pond_a
D:14:     layout_irregular_city, grunt_vaults_entry_fortified,
          palyth_stone_intersect, lemuel_blue_sif_altar
D:15:     grunt_enter_depths_hoard, layout_basic,
          chequers_serial_rivers_small_b, vehumet_statue
Temple:   eino_wide_crystal_templ
Lair:1:   layout_chaotic_city, grunt_forest_large_clearings
Lair:2:   layout_chaotic_city, lemuel_fruit_tree, grunt_megastairs_3,
          infiniplex_staircase_pool, uniq_erica
Lair:3:   layout_small_grid, minmay_shoals_entry_hut, gauntlet_entry_generic,
          minivault_11, minmay_shattered_shrine
Lair:4:   layout_roguey, minmay_snake_entry_guardpost_medium,
          infiniplex_staircase_pool_2, uniq_kirke, uniq_rupert
Lair:5:   layout_roguey, minmay_slime_entry_oklob_enclosed,
          kennysheep_basilisk_garden
Lair:6:   evilmike_catoblepas_cave, layout_gridlike, special_room
          [special_room_mythical_zoo], uniq_urug
Snake:1:  layout_basic, grunt_megastairs_2, uniq_aizul
Snake:2:  layout_concentric_octagons, serial_shops, nicolae_shop_statue_plus,
          grunt_ministairs_15
Snake:3:  layout_gridlike, serial_corexii_hall, chequers_hall_statues_y,
          corexii_hall_statues_x, corexii_hall_statues_l, corexii_hall_statues_s
Snake:4:  minmay_snake_end_coiled, layout_cave_town, minmay_shop_grove
Orc:1:    layout_caves, nicolae_volcano_entry_two_sided,
          hellmonk_bongcloud_opening
Orc:2:    grunt_orc_gardens, layout_caves, grunt_orc_garden, grunt_orc_garden,
          grunt_orc_garden, grunt_orc_garden, gammafunk_ghost_cemetery,
          basic_altar, serial_shops, nicolae_shop_overgrown_old_shop, shop,
          minmay_orc_temple_c

Skill      XL: |  1  2  3  4  5  6  7  8  9 10 11 12 13 14 15 16 17 |
---------------+----------------------------------------------------+-----
Dodging        | 1 2 |  2.4
Fighting       | 4 5 7 8 10 11 | 11.1
Shields        | 1 3 4 |  4.0
Spellcasting   | 2 4 6 8 9 10 11 12 13 14 | 14.4
Conjurations   | 1 4 6 8 11 13 14 15 16 18 19 | 19.3
Armour         | 1 4 5 7 8 10 | 10.9
Hexes          | 5 |  5.0
Necromancy     | 5 |  5.8
Earth Magic    | 2 |  2.0
Invocations    | 10 13 | 13.0
Translocations | 3 |  3.0
Short Blades   | |  2.6
Fire Magic     | |  2.9

Action                   |  1- 3 |  4- 6 |  7- 9 | 10-12 | 13-15 | 16-18 || total
-------------------------+-------+-------+-------+-------+-------+-------++-------
Melee: Short sword       |   116 |    46 |       |       |       |       ||   162
       Tailslap          |     8 |     8 |    26 |    30 |    11 |     8 ||    91
       Dagger            |       |    53 |   194 |   176 |     2 |       ||   425
       Staff             |       |       |       |    12 |     1 |       ||    13
       Trident           |       |       |       |       |     5 |       ||     5
       Demon trident     |       |       |       |       |    32 |    32 ||    64
 Fire: Fustibalus        |       |       |       |       |     7 |       ||     7
Throw: Boomerang         |     5 |       |     1 |     1 |       |       ||     7
       Javelin           |     2 |       |       |       |       |       ||     2
 Cast: Searing Ray       |       |       |    36 |    36 |     6 |       ||    78
       Mephitic Cloud    |       |       |       |    14 |       |     2 ||    16
       Fulminant Prism   |       |       |       |     8 |       |       ||     8
       Stone Arrow       |       |       |       |   167 |   683 |   371 ||  1221
       Orb of Destructio |       |       |       |       |    62 |    61 ||   123
       Sublimation of Bl |       |       |       |       |       |    24 ||    24
Invok: Foxfire Swarm     |     1 |     3 |     2 |     1 |       |       ||     7
       Rising Flame      |       |       |       |       |     1 |       ||     1
       Slouch            |       |       |       |       |     1 |       ||     1
Evoke: Wand              |       |       |     1 |     6 |     2 |     6 ||    15
  Use: Scroll            |     2 |     5 |    11 |     9 |    27 |     1 ||    55
       Potion            |       |       |     1 |     3 |     1 |     5 ||    10
 Stab: Invisible         |       |       |     2 |       |       |       ||     2
       Confused          |       |       |       |     2 |       |       ||     2
       Petrified         |       |       |       |       |     4 |       ||     4
Armor: Robe              |     7 |       |       |       |       |       ||     7
       Leather armour    |    34 |    18 |    44 |       |       |       ||    96
       Ring mail         |       |       |    35 |   155 |   148 |       ||   338
       Gold dragon scale |       |       |       |       |    27 |   285 ||   312
       Scale mail        |       |       |       |       |     7 |       ||     7
Dodge: Dodged            |    81 |    39 |   122 |   170 |   190 |   103 ||   705
Block: Buckler           |       |     9 |    49 |    77 |   135 |   114 ||   384

Table legend: (Time is in decaauts)
 A = Elapsed time spent in this place.
 B = Non-inter-level travel time spent in this place.
 C = Inter-level travel time spent in this place.
 D = Time resting spent in this place.
 E = Time spent auto-exploring this place.
 F = Levels seen in this place.
 G = Mean time per level.
                   A        B        C        D        E       F      G
               +--------+--------+--------+--------+--------+-----+--------+
         Total |  58502 |  52994 |   5508 |  13517 |  32152 |  33 | 1772.8 |
       Dungeon |  27183 |  23910 |   3273 |   6266 |  14409 |  15 | 1812.2 |
        Temple |     35 |     16 |     19 |      0 |      5 |   1 |   35.0 |
          Lair |  13907 |  12631 |   1276 |   1674 |   9394 |   6 | 2317.8 |
     Snake Pit |  10485 |   9873 |    612 |   3627 |   5086 |   4 | 2621.2 |
  Orcish Mines |   4139 |   3812 |    327 |    666 |   2419 |   2 | 2069.5 |
         Abyss |    743 |    743 |      0 |    487 |     37 |   3 |  247.7 |
       Volcano |    511 |    511 |      0 |     56 |    286 |   1 |  511.0 |
      Gauntlet |   1496 |   1496 |      0 |    740 |    515 |   1 | 1496.0 |
               +--------+--------+--------+--------+--------+-----+--------+

Top non-repeatable levels by time:
  Lair:6: 3224 daAuts
 Snake:3: 3072 daAuts
 Snake:2: 2968 daAuts
    D:14: 2872 daAuts
 Snake:1: 2823 daAuts
   Orc:2: 2797 daAuts
    D:15: 2678 daAuts
  Lair:4: 2676 daAuts
     D:8: 2614 daAuts
  Lair:3: 2344 daAuts
     D:5: 2198 daAuts
    D:12: 2119 daAuts
  Lair:5: 1962 daAuts
     D:3: 1917 daAuts
  Lair:2: 1869 daAuts
